BSA
SEATTLE PIKES @ SO CAL BRUINS
08/18/2029
 
TOP OF THE 1ST
Seattle Pikes batting - Pitching for So Cal Bruins : RHP Jeffrey King
Pitching: RHP Jeffrey King
Batting: RHB Pete Rideout 0-0: Called Strike
0-1: Foul Ball, location: 2F
0-2: Ball
1-2: Ball
2-2: Ball
3-2: Foul Ball, location: 2F
3-2: Ground out 5-3 (Groundball, 5)
Batting: SHB Nate Rhodes 0-0: Ball
1-0: Fly out, F5 (Popup, 56S)
Batting: LHB Richard Hunter 0-0: Called Strike
0-1: Ball
1-1: Fly out, F9 (Flyball, 9LMF)
Top of the 1st over - 0 runs, 0 hits, 0 errors, 0 left on base; Seattle 0 - So Cal 0
BOTTOM OF THE 1ST
So Cal Bruins batting - Pitching for Seattle Pikes : LHP Mike Graves
Pitching: LHP Mike Graves
Batting: RHB Pedro Mata 0-0: Ground out 6-3 (Groundball, 56)
Batting: RHB Lawrence Schroeder 0-0: Ball
1-0: Ground out 6-3 (Groundball, 6)
Batting: RHB Earl Wiggins 0-0: Called Strike
0-1: Ball
1-1: Called Strike
1-2: Ball
2-2: Foul Ball, location: 2F
2-2: Foul Ball, location: 2F
2-2: Ball
3-2: SINGLE (Groundball, 6MD)
Batting: LHB José Antonio Santiago 0-0: Called Strike
0-1: Foul Ball, location: 2F
0-2: Ball
1-2: Ground out U3 (Groundball, 3)
Bottom of the 1st over - 0 runs, 1 hit, 0 errors, 1 left on base; Seattle 0 - So Cal 0
TOP OF THE 2ND
Seattle Pikes batting - Pitching for So Cal Bruins : RHP Jeffrey King
Batting: RHB Wallace Greene 0-0: Called Strike
0-1: Foul Ball, location: 2F
0-2: Ball
1-2: Foul Ball, location: 2F
1-2: Strikes out looking
Batting: RHB Randy Sheppard 0-0: Called Strike
0-1: Ball
1-1: Called Strike
1-2: SOLO HOME RUN (Flyball, 7D), Distance : 370 ft
Batting: RHB Iván Gonzáles 0-0: Called Strike
0-1: Reached on error, E9 (Flyball, 9)
Batting: SHB António Hernández 0-0: Foul Ball, location: 2F
0-1: Ball
1-1: Foul Ball, location: 2F
1-2: Foul Ball, location: 2F
1-2: Ball
2-2: Ball
3-2: Foul Ball, location: 2F
3-2: SINGLE (Line Drive, 6D)
Iván Gonzáles to second
Batting: RHB António López 0-0: Called Strike
0-1: Ball
1-1: Ball
2-1: DOUBLE (Line Drive, 9D)
Iván Gonzáles scores
António Hernández to third
Batting: LHB John Bond 0-0: Called Strike
0-1: Reached on error, E3 (Groundball, 34)
António Hernández scores
António López to third
Batting: RHB Pete Rideout 0-0: Ball
1-0: Ball
2-0: Foul Ball, location: 2F
2-1: Foul Ball, location: 2F
2-2: Strikes out swinging
Batting: SHB Nate Rhodes 0-0: Ball
1-0: Called Strike
1-1: Ball
2-1: Ball
3-1: Called Strike
3-2: Ground out U3 (Groundball, 34S)
Top of the 2nd over - 3 runs, 3 hits, 2 errors, 2 left on base; Seattle 3 - So Cal 0
BOTTOM OF THE 2ND
So Cal Bruins batting - Pitching for Seattle Pikes : LHP Mike Graves
Batting: RHB Rubén Calderón 0-0: Ground out 5-3 (Groundball, 5L)
Batting: SHB Ken Hernández 0-0: Called Strike
0-1: Ball
1-1: Swinging Strike
1-2: SINGLE (Line Drive, 89S)
Batting: RHB Javier Deleón 0-0: Ball
1-0: SINGLE (Groundball, 56D)
Ken Hernández to second
Batting: LHB Phil Smith 0-0: Called Strike
0-1: Foul Ball, location: 2F
0-2: Strikes out swinging
Batting: RHB Gerardo Escobedo 0-0: Ball
1-0: Ball
2-0: Called Strike
2-1: Ground out 4-3 (Groundball, 4)
Bottom of the 2nd over - 0 runs, 2 hits, 0 errors, 2 left on base; Seattle 3 - So Cal 0
TOP OF THE 3RD
Seattle Pikes batting - Pitching for So Cal Bruins : RHP Jeffrey King
Batting: LHB Richard Hunter 0-0: Called Strike
0-1: Called Strike
0-2: Strikes out swinging
Batting: RHB Wallace Greene 0-0: Called Strike
0-1: Called Strike
0-2: Strikes out looking
Batting: RHB Randy Sheppard 0-0: Ball
1-0: Foul Ball, location: 2F
1-1: Ball
2-1: Called Strike
2-2: Foul Ball, location: 2F
2-2: Ball
3-2: Strikes out swinging
Top of the 3rd over - 0 runs, 0 hits, 0 errors, 0 left on base; Seattle 3 - So Cal 0
BOTTOM OF THE 3RD
So Cal Bruins batting - Pitching for Seattle Pikes : LHP Mike Graves
Batting: RHB Pedro Mata 0-0: Foul Ball, location: 2F
0-1: Ball
1-1: Ground out 6-3 (Groundball, 6)
Batting: RHB Lawrence Schroeder 0-0: Ball
1-0: Called Strike
1-1: Ball
2-1: Ground out 4-3 (Groundball, 34)
Batting: RHB Earl Wiggins 0-0: Called Strike
0-1: Ball
1-1: Ball
2-1: Fly out, F7 (Flyball, 7D)
Bottom of the 3rd over - 0 runs, 0 hits, 0 errors, 0 left on base; Seattle 3 - So Cal 0
TOP OF THE 4TH
Seattle Pikes batting - Pitching for So Cal Bruins : RHP Jeffrey King
Batting: RHB Iván Gonzáles 0-0: Foul Ball, location: 2F
0-1: Ball
1-1: Called Strike
1-2: Ground out 6-3 (Groundball, 6S)
Batting: SHB António Hernández 0-0: Called Strike
0-1: Ball
1-1: Swinging Strike
1-2: Foul Ball, location: 2F
1-2: Strikes out looking
Batting: RHB António López 0-0: Ball
1-0: Ground out 6-3 (Groundball, 6)
Top of the 4th over - 0 runs, 0 hits, 0 errors, 0 left on base; Seattle 3 - So Cal 0
BOTTOM OF THE 4TH
So Cal Bruins batting - Pitching for Seattle Pikes : LHP Mike Graves
Batting: LHB José Antonio Santiago 0-0: Ball
1-0: Called Strike
1-1: Ball
2-1: SINGLE (Line Drive, 89S)
Batting: RHB Rubén Calderón 0-0: Ball
1-0: Ball
2-0: Grounds into double play, 6-4-3 (Groundball, 56)
Batting: SHB Ken Hernández 0-0: Ball
1-0: Ball
2-0: Called Strike
2-1: Ball
3-1: Swinging Strike
3-2: Foul Ball, location: 2F
3-2: Foul Ball, location: 2F
3-2: Fly out, F4 (Popup, 4)
Bottom of the 4th over - 0 runs, 1 hit, 0 errors, 0 left on base; Seattle 3 - So Cal 0
TOP OF THE 5TH
Seattle Pikes batting - Pitching for So Cal Bruins : RHP Jeffrey King
Batting: LHB John Bond 0-0: Ball
1-0: Ball
2-0: Called Strike
2-1: Foul Ball, location: 2F
2-2: Strikes out swinging
Batting: RHB Pete Rideout 0-0: Fly out, F8 (Flyball, 8LXD)
Batting: SHB Nate Rhodes 0-0: Fly out, F7 (Flyball, 7S)
Top of the 5th over - 0 runs, 0 hits, 0 errors, 0 left on base; Seattle 3 - So Cal 0
BOTTOM OF THE 5TH
So Cal Bruins batting - Pitching for Seattle Pikes : LHP Mike Graves
Batting: RHB Javier Deleón 0-0: Ball
1-0: Foul Ball, location: 2F
1-1: Swinging Strike
1-2: Ball
2-2: Foul Ball, location: 2F
2-2: Foul Ball, location: 2F
2-2: Ball
3-2: SINGLE (Line Drive, 6MD)
Batting: LHB Phil Smith 0-0: Ball
1-0: Ball
2-0: Ball
3-0: Base on Balls
Javier Deleón to second
Batting: RHB Gerardo Escobedo 0-0: Called Strike
0-1: Called Strike
0-2: Fly out, F9 (Line Drive, 9D)
Runner from 2nd tags up, SAFE at 3rd, no throw
Batting: RHB Pedro Mata 0-0: Ball
1-0: Grounds into double play, 5-4-3 (Groundball, 5L)
Bottom of the 5th over - 0 runs, 1 hit, 0 errors, 1 left on base; Seattle 3 - So Cal 0
TOP OF THE 6TH
Seattle Pikes batting - Pitching for So Cal Bruins : RHP Jeffrey King
Batting: LHB Richard Hunter 0-0: Ball
1-0: Swinging Strike
1-1: Ball
2-1: Foul Ball, location: 2F
2-2: Ball
3-2: Strikes out swinging
Batting: RHB Wallace Greene 0-0: Ball
1-0: Ball
2-0: Ground out 6-3 (Groundball, 6)
Batting: RHB Randy Sheppard 0-0: Foul Ball, location: 2F
0-1: Ball
1-1: Foul Ball, location: 2F
1-2: Strikes out swinging
Top of the 6th over - 0 runs, 0 hits, 0 errors, 0 left on base; Seattle 3 - So Cal 0
BOTTOM OF THE 6TH
So Cal Bruins batting - Pitching for Seattle Pikes : LHP Mike Graves
Batting: RHB Lawrence Schroeder 0-0: SINGLE (Flyball, 89S)
Batting: RHB Earl Wiggins 0-0: Ball
1-0: Called Strike
1-1: Ball
2-1: Called Strike
2-2: Ball
3-2: Grounds into double play, 6-4-3 (Groundball, 6M)
Batting: LHB José Antonio Santiago 0-0: Ball
1-0: Ball
2-0: Swinging Strike
2-1: Ball
3-1: Foul Ball, location: 2F
3-2: SINGLE (Line Drive, 9LS)
Batting: RHB Rubén Calderón 0-0: Ball
José Antonio Santiago is caught stealing 2nd base
Bottom of the 6th over - 0 runs, 2 hits, 0 errors, 0 left on base; Seattle 3 - So Cal 0
TOP OF THE 7TH
Seattle Pikes batting - Pitching for So Cal Bruins : RHP Jeffrey King
Batting: RHB Iván Gonzáles 0-0: Fly out, F2 (Popup, 2LF)
Batting: SHB António Hernández 0-0: Called Strike
0-1: Called Strike
0-2: Strikes out swinging
Batting: RHB António López 0-0: Ball
1-0: Foul Ball, location: 2F
1-1: Fly out, F9 (Flyball, 9LMF)
Top of the 7th over - 0 runs, 0 hits, 0 errors, 0 left on base; Seattle 3 - So Cal 0
BOTTOM OF THE 7TH
So Cal Bruins batting - Pitching for Seattle Pikes : LHP Mike Graves
Batting: RHB Rubén Calderón 0-0: Ball
1-0: Foul Ball, location: 2F
1-1: Called Strike
1-2: Strikes out swinging
Batting: SHB Ken Hernández 0-0: SINGLE (Groundball, 34D)
Batting: RHB Javier Deleón 0-0: Called Strike
0-1: Swinging Strike
0-2: Ball
Ken Hernández is caught stealing 2nd base
1-2: Ground out U3 (Groundball, 34S)
Bottom of the 7th over - 0 runs, 1 hit, 0 errors, 0 left on base; Seattle 3 - So Cal 0
TOP OF THE 8TH
Seattle Pikes batting - Pitching for So Cal Bruins : RHP Jeffrey King
Pitching: RHP Marty Burgess
Batting: LHB John Bond 0-0: Ball
1-0: Fly out, F8 (Line Drive, 8RM)
Batting: RHB Pete Rideout 0-0: Ball
1-0: Ground out 6-3 (Groundball, 6)
Batting: SHB Nate Rhodes 0-0: Ball
1-0: Ground out 6-3 (Groundball, 6M)
Top of the 8th over - 0 runs, 0 hits, 0 errors, 0 left on base; Seattle 3 - So Cal 0
BOTTOM OF THE 8TH
So Cal Bruins batting - Pitching for Seattle Pikes : LHP Mike Graves
Batting: LHB Phil Smith 0-0: Ball
1-0: Foul Ball, location: 2F
1-1: Foul Ball, location: 2F
1-2: SOLO HOME RUN (Flyball, 9D), Distance : 349 ft
Batting: RHB Gerardo Escobedo 0-0: Ball
1-0: Foul Ball, location: 2F
1-1: Ball
2-1: Foul Ball, location: 2F
2-2: Fly out, F7 (Flyball, 7D)
Pitching: RHP Francisco Carrasco
Batting: RHB Pedro Mata 0-0: Ball
1-0: Foul Ball, location: 2F
1-1: Ball
2-1: Called Strike
2-2: Strikes out swinging
Batting: RHB Lawrence Schroeder 0-0: Ball
1-0: Swinging Strike
1-1: Ball
2-1: Ball
3-1: Base on Balls
Batting: RHB Earl Wiggins 0-0: Called Strike
0-1: Foul Ball, location: 2F
0-2: SINGLE (Groundball, 6D)
Lawrence Schroeder to second
Batting: LHB José Antonio Santiago 0-0: Ball
1-0: Foul Ball, location: 2F
1-1: Foul Ball, location: 2F
1-2: Foul Ball, location: 2F
1-2: Strikes out swinging
Bottom of the 8th over - 1 run, 2 hits, 0 errors, 2 left on base; Seattle 3 - So Cal 1
TOP OF THE 9TH
Seattle Pikes batting - Pitching for So Cal Bruins : RHP Marty Burgess
Batting: LHB Richard Hunter 0-0: Foul Ball, location: 2F
0-1: Foul Ball, location: 2F
0-2: Strikes out looking
Batting: RHB Wallace Greene 0-0: Called Strike
0-1: Called Strike
0-2: Ball
1-2: Ball
2-2: SOLO HOME RUN (Flyball, 7D), Distance : 351 ft
Batting: RHB Randy Sheppard 0-0: Ball
1-0: Called Strike
1-1: Foul Ball, location: 2F
1-2: Ball
2-2: Ground out 6-3 (Groundball, 6)
Batting: RHB Iván Gonzáles 0-0: Foul Ball, location: 2F
0-1: Called Strike
0-2: Ball
1-2: Strikes out looking
Top of the 9th over - 1 run, 1 hit, 0 errors, 0 left on base; Seattle 4 - So Cal 1
BOTTOM OF THE 9TH
So Cal Bruins batting - Pitching for Seattle Pikes : RHP Francisco Carrasco
Pitching: LHP Cristián Escobar
Batting: RHB Rubén Calderón 0-0: SINGLE (Flyball, 8RS)
Batting: SHB Ken Hernández 0-0: Foul Ball, location: 2F
0-1: Called Strike
0-2: Ball
1-2: DOUBLE (Groundball, 3L)
Rubén Calderón to third
Batting: RHB Javier Deleón 0-0: Called Strike
0-1: Swinging Strike
0-2: Foul Ball, location: 2F
0-2: Strikes out looking
Batting: LHB Phil Smith 0-0: Swinging Strike
0-1: Ball
Balk!
Rubén Calderón scores
Ken Hernández to third
1-1: Ball
2-1: Foul Ball, location: 2F
2-2: Ground out 4-3 (Groundball, 4)
Batting: RHB Gerardo Escobedo 0-0: Ball
1-0: Ball
2-0: Ball
3-0: Called Strike
3-1: Foul Ball, location: 2F
3-2: Foul Ball, location: 2F
3-2: Base on Balls
Batting: RHB Pedro Mata 0-0: Ball
1-0: Fly out, F9 (Flyball, 9S)
Bottom of the 9th over - 1 run, 2 hits, 0 errors, 2 left on base; Seattle 4 - So Cal 2
Saturday, December 16th, 2017 - OOTP Baseball 18.8 Build 76